BSA
SEATTLE PIKES @ HOUSTON MARSHALS
09/23/2026
 
TOP OF THE 1ST
Seattle Pikes batting - Pitching for Toronto Titans : RHP Daniel Grant
Pitching: RHP Daniel Grant
Batting: LHB Jesús Núñez 0-0: Ball
1-0: Ball
2-0: Ball
3-0: Called Strike
3-1: Foul Ball, location: 2F
3-2: DOUBLE (Flyball, 89M)
Batting: RHB António Ortega 0-0: Ball
1-0: Ball
2-0: Ball
3-0: Base on Balls
Batting: LHB Richard Hunter 0-0: Ball
1-0: Ball
2-0: Called Strike
2-1: Foul Ball, location: 2F
2-2: SINGLE (Line Drive, 3D)
Jesús Núñez to third
António Ortega to second
Batting: RHB Manuel Rico 0-0: Foul Ball, location: 2F
0-1: Called Strike
0-2: DOUBLE (Flyball, 89D)
Jesús Núñez scores
António Ortega scores
Richard Hunter to third
Batting: RHB Wallace Greene 0-0: Called Strike
0-1: Ball
1-1: Ball
2-1: Foul Ball, location: 2F
2-2: Ball
3-2: Ground out 6-3 (Groundball, 6M)
Richard Hunter scores
Manuel Rico to third
Batting: LHB Keith Tillman 0-0: Ball
1-0: Called Strike
1-1: SINGLE (Groundball, 4M) (infield hit)
Manuel Rico scores
Batting: RHB Alfredo Rivera 0-0: Ball
1-0: Fly out, F4 (Line Drive, 4)
Batting: SHB António Hernández 0-0: Called Strike
0-1: Ground out 4-3 (Groundball, 4)
Top of the 1st over - 4 run(s), 4 hit(s), 0 error(s), 1 left on base; Seattle 4 - Toronto 0
BOTTOM OF THE 1ST
Toronto Titans batting - Pitching for Seattle Pikes : RHP Rodrigo Aguilar
Pitching: RHP Rodrigo Aguilar
Batting: SHB Ramón Lugo 0-0: Ball
1-0: Ball
2-0: Called Strike
2-1: Foul Ball, location: 2F
2-2: Foul Ball, location: 2F
2-2: Strikes out swinging
Batting: LHB Lewis Barr 0-0: Ball
1-0: Called Strike
1-1: Foul Ball, location: 2F
1-2: Ball
2-2: Strikes out swinging
Batting: LHB Kent MacDulothe 0-0: Ball
1-0: Called Strike
1-1: Ball
2-1: Ground out 6-3 (Groundball, 6M)
Bottom of the 1st over - 0 run(s), 0 hit(s), 0 error(s), 0 left on base; Seattle 4 - Toronto 0
TOP OF THE 2ND
Seattle Pikes batting - Pitching for Toronto Titans : RHP Daniel Grant
Batting: RHB Arnold Harmon 0-0: Swinging Strike
0-1: Ball
1-1: Ball
2-1: Called Strike
2-2: Ball
3-2: Strikes out swinging
Batting: LHB Jesús Núñez 0-0: Ground out 1-3 (Groundball, 25)
Batting: RHB António Ortega 0-0: Ground out 5-3 (Groundball, 56)
Top of the 2nd over - 0 run(s), 0 hit(s), 0 error(s), 0 left on base; Seattle 4 - Toronto 0
BOTTOM OF THE 2ND
Toronto Titans batting - Pitching for Seattle Pikes : RHP Rodrigo Aguilar
Batting: LHB Roberto García 0-0: Called Strike
0-1: Ball
1-1: Ball
2-1: Ball
3-1: Foul Ball, location: 2F
3-2: Ground out U3 (Groundball, 3S)
Batting: SHB Juan Gómez 0-0: Ball
1-0: Foul Ball, location: 2F
1-1: Foul Ball, location: 2F
1-2: Ground out 6-3 (Groundball, 6M)
Batting: LHB Matt Smith 0-0: Ball
1-0: Ground out 6-3 (Groundball, 6)
Bottom of the 2nd over - 0 run(s), 0 hit(s), 0 error(s), 0 left on base; Seattle 4 - Toronto 0
TOP OF THE 3RD
Seattle Pikes batting - Pitching for Toronto Titans : RHP Daniel Grant
Batting: LHB Richard Hunter 0-0: Ball
1-0: Ground out 1-3 (Groundball, 23)
Batting: RHB Manuel Rico 0-0: Fly out, F9 (Flyball, 9S)
Batting: RHB Wallace Greene 0-0: Ball
1-0: Ball
2-0: Ball
3-0: Called Strike
3-1: Fly out, F8 (Flyball, 8RD)
Top of the 3rd over - 0 run(s), 0 hit(s), 0 error(s), 0 left on base; Seattle 4 - Toronto 0
BOTTOM OF THE 3RD
Toronto Titans batting - Pitching for Seattle Pikes : RHP Rodrigo Aguilar
Batting: RHB Chris Parker 0-0: Ball
1-0: Ball
2-0: Ball
3-0: Base on Balls
Batting: RHB Jim Tracy 0-0: Ball
1-0: Fly out, F7 (Flyball, 7M)
Batting: RHB Pedro Rosado 0-0: Called Strike
0-1: Ball
1-1: Called Strike
1-2: Ball
2-2: Ground out 5-3 (Groundball, 5S)
Chris Parker to second
Batting: SHB Ramón Lugo 0-0: Ball
1-0: Foul Ball, location: 2F
1-1: Called Strike
1-2: Ball
2-2: DOUBLE (Line Drive, 8RXD)
Chris Parker scores
Pinch Runner at 2nd Alberto Velásquez:
Batting: LHB Lewis Barr 0-0: Called Strike
0-1: Ball
1-1: Fly out, F8 (Flyball, 8RXD)
Bottom of the 3rd over - 1 run(s), 1 hit(s), 0 error(s), 1 left on base; Seattle 4 - Toronto 1
TOP OF THE 4TH
Seattle Pikes batting - Pitching for Toronto Titans : RHP Daniel Grant
Now at 2B: Alberto Velásquez
Batting: LHB Keith Tillman 0-0: Called Strike
0-1: Ball
1-1: Ball
2-1: Ground out 4-3 (Groundball, 4)
Batting: RHB Alfredo Rivera 0-0: SINGLE (Groundball, 4MD)
Batting: SHB António Hernández 0-0: Ball
1-0: Foul Ball, location: 2F
1-1: Ball
2-1: Swinging Strike
2-2: SINGLE (Line Drive, 78M)
Alfredo Rivera to second
Batting: RHB Arnold Harmon 0-0: Ball
1-0: Called Strike
1-1: Foul Ball, location: 2F
1-2: Ball
2-2: Ball
3-2: Foul Ball, location: 2F
Reached via error on a dropped throw, E6
Alfredo Rivera to third
António Hernández to second
Batting: LHB Jesús Núñez 0-0: Called Strike
0-1: Ball
1-1: SINGLE (Line Drive, 8RS)
Alfredo Rivera scores
António Hernández to third
Arnold Harmon to second
Runner from 3rd tries for Home, SAFE, no throw or cutoff
Pitching: RHP Víctor López
Batting: RHB António Ortega 0-0: Called Strike
Arnold Harmon steals 3rd base
Jesús Núñez to second
0-1: Ground out 3-5 (Groundball, 3S)
Batting: LHB Richard Hunter 0-0: Ball
1-0: Called Strike
1-1: Foul Ball, location: 2F
1-2: Ball
2-2: Ball
3-2: Foul Ball, location: 2F
3-2: Base on Balls
Batting: RHB Manuel Rico 0-0: Swinging Strike
0-1: Foul Ball, location: 2F
0-2: Ball
1-2: Fly out, F3 (Popup, 3DF)
Top of the 4th over - 2 run(s), 3 hit(s), 1 error(s), 3 left on base; Seattle 6 - Toronto 1
BOTTOM OF THE 4TH
Toronto Titans batting - Pitching for Seattle Pikes : RHP Rodrigo Aguilar
Batting: LHB Kent MacDulothe 0-0: Foul Ball, location: 2F
0-1: Ground out U3 (Groundball, 3)
Batting: LHB Roberto García 0-0: Ball
1-0: Ball
2-0: Foul Ball, location: 2F
2-1: Ball
3-1: Called Strike
3-2: SINGLE (Line Drive, 6M)
Batting: SHB Juan Gómez 0-0: Ball
1-0: Ball
2-0: Ball
3-0: Base on Balls
Roberto García to second
Batting: LHB Matt Smith 0-0: Ball
1-0: SINGLE (Line Drive, 6)
Roberto García to third
Juan Gómez to second
Batting: RHB Chris Parker 0-0: Called Strike
0-1: Ball
1-1: Ball
2-1: Ball
3-1: Grounds into fielders choice 1-2 (Groundball, 13S)
Juan Gómez to third
Matt Smith to second
Batting: RHB Jim Tracy 0-0: Ground out 3-1 (Groundball, 34)
Bottom of the 4th over - 0 run(s), 2 hit(s), 0 error(s), 3 left on base; Seattle 6 - Toronto 1
TOP OF THE 5TH
Seattle Pikes batting - Pitching for Toronto Titans : RHP Víctor López
Batting: RHB Wallace Greene 0-0: Swinging Strike
0-1: Called Strike
0-2: Ball
1-2: Foul Ball, location: 2F
1-2: Foul Ball, location: 2F
1-2: Strikes out swinging
Batting: LHB Keith Tillman 0-0: SINGLE (Groundball, 56D) (infield hit)
Batting: RHB Alfredo Rivera 0-0: SINGLE (Groundball, 6)
Keith Tillman to second
Batting: SHB António Hernández 0-0: Fielders Choice at 2nd, 6-4 (Groundball, 6M)
Keith Tillman to third
Batting: RHB Arnold Harmon 0-0: Called Strike
0-1: 3-RUN HOME RUN (Flyball, 7D), Distance : 399 ft
Batting: LHB Jesús Núñez 0-0: Called Strike
0-1: Fly out, F7 (Flyball, 7M)
Top of the 5th over - 3 run(s), 3 hit(s), 0 error(s), 0 left on base; Seattle 9 - Toronto 1
BOTTOM OF THE 5TH
Toronto Titans batting - Pitching for Seattle Pikes : RHP Rodrigo Aguilar
Batting: RHB Pedro Rosado 0-0: Ground out 4-3 (Groundball, 4)
Batting: RHB Alberto Velásquez 0-0: Bunted foul
0-1: Ball
1-1: Swinging Strike
1-2: Ball
2-2: Ground out 6-3 (Groundball, 6M)
Batting: LHB Lewis Barr 0-0: Called Strike
0-1: Foul Ball, location: 2F
0-2: Foul Ball, location: 2F
0-2: Strikes out looking
Bottom of the 5th over - 0 run(s), 0 hit(s), 0 error(s), 0 left on base; Seattle 9 - Toronto 1
TOP OF THE 6TH
Seattle Pikes batting - Pitching for Toronto Titans : RHP Víctor López
Pitching: RHP Vinícius Itaquy
Batting: RHB António Ortega 0-0: Called Strike
0-1: DOUBLE (Line Drive, 78D)
Batting: LHB Richard Hunter 0-0: Called Strike
0-1: Swinging Strike
0-2: Strikes out swinging
Batting: RHB Manuel Rico 0-0: Called Strike
0-1: Ball
1-1: Ball
2-1: Foul Ball, location: 2F
2-2: Ball
3-2: Foul Ball, location: 2F
3-2: Foul Ball, location: 2F
3-2: Base on Balls
Batting: RHB Wallace Greene 0-0: Ball
1-0: Called Strike
1-1: Called Strike
1-2: Ball
2-2: Ground out 5-3 (Groundball, 56S)
António Ortega to third
Manuel Rico to second
Batting: LHB Keith Tillman 0-0: Ball
1-0: Ball
2-0: Ground out 3-1 (Groundball, 34S)
Top of the 6th over - 0 run(s), 1 hit(s), 0 error(s), 2 left on base; Seattle 9 - Toronto 1
BOTTOM OF THE 6TH
Toronto Titans batting - Pitching for Seattle Pikes : RHP Rodrigo Aguilar
Batting: LHB Kent MacDulothe 0-0: Ground out 4-3 (Groundball, 4)
Batting: LHB Roberto García 0-0: Foul Ball, location: 2F
0-1: Swinging Strike
0-2: Ball
1-2: Ground out 6-3 (Groundball, 6)
Batting: SHB Juan Gómez 0-0: DOUBLE (Line Drive, 78D)
Batting: LHB Matt Smith 0-0: SINGLE (Groundball, 25) (infield hit)
Juan Gómez to third
Batting: RHB Chris Parker 0-0: Ball
1-0: Ball
2-0: Ball
3-0: Called Strike
3-1: Swinging Strike
3-2: Foul Ball, location: 2F
3-2: Foul Ball, location: 2F
3-2: SINGLE (Groundball, 4)
Juan Gómez scores
Matt Smith to second
Matt Smith to third
Batting: RHB Jim Tracy 0-0: Ground out 4-3 (Groundball, 4)
Bottom of the 6th over - 1 run(s), 3 hit(s), 0 error(s), 2 left on base; Seattle 9 - Toronto 2
TOP OF THE 7TH
Seattle Pikes batting - Pitching for Toronto Titans : RHP Vinícius Itaquy
Batting: RHB Alfredo Rivera 0-0: Called Strike
0-1: Foul Ball, location: 2F
0-2: Ground out 6-3 (Groundball, 6)
Batting: SHB António Hernández 0-0: Ball
1-0: Ball
2-0: Called Strike
2-1: Foul Ball, location: 2F
2-2: Strikes out looking
Batting: RHB Arnold Harmon 0-0: Ball
1-0: Fly out, F4 (Popup, 89S)
Top of the 7th over - 0 run(s), 0 hit(s), 0 error(s), 0 left on base; Seattle 9 - Toronto 2
BOTTOM OF THE 7TH
Toronto Titans batting - Pitching for Seattle Pikes : RHP Rodrigo Aguilar
Batting: RHB Pedro Rosado 0-0: Ball
1-0: Called Strike
1-1: Fly out, F8 (Flyball, 8LXD)
Batting: RHB Alberto Velásquez 0-0: Ground out 4-3 (Groundball, 4)
Batting: LHB Lewis Barr 0-0: Ball
1-0: Swinging Strike
1-1: Ground out U3 (Groundball, 3)
Bottom of the 7th over - 0 run(s), 0 hit(s), 0 error(s), 0 left on base; Seattle 9 - Toronto 2
TOP OF THE 8TH
Seattle Pikes batting - Pitching for Toronto Titans : RHP Vinícius Itaquy
Pitching: RHP Howard Green
Batting: LHB Jesús Núñez 0-0: DOUBLE (Line Drive, 9LS)
Batting: RHB António Ortega 0-0: Ball
1-0: Called Strike
1-1: Foul Ball, location: 2F
1-2: Strikes out swinging
Batting: LHB Richard Hunter 0-0: Ball
1-0: Ball
2-0: Ball
3-0: Called Strike
3-1: Base on Balls
Batting: RHB Manuel Rico 0-0: Called Strike
0-1: Swinging Strike
0-2: Fielders Choice at 2nd, 6-4 (Groundball, 6M)
Jesús Núñez to third
Batting: RHB Wallace Greene 0-0: Ball
1-0: Called Strike
1-1: Called Strike
1-2: Ball
2-2: Fielders Choice at 2nd, U6 (Groundball, 6M)
Top of the 8th over - 0 run(s), 1 hit(s), 0 error(s), 2 left on base; Seattle 9 - Toronto 2
BOTTOM OF THE 8TH
Toronto Titans batting - Pitching for Seattle Pikes : RHP Rodrigo Aguilar
Pitching: RHP Thomas Hughes
Now in LF: Randy Sheppard
Batting: LHB Kent MacDulothe 0-0: Swinging Strike
0-1: Ground out 6-3 (Groundball, 6)
Batting: LHB Roberto García 0-0: Ball
1-0: Ball
2-0: Ball
3-0: Base on Balls
Batting: SHB Juan Gómez 0-0: Ball
1-0: Ball
2-0: Foul Ball, location: 2F
2-1: Ball
3-1: Called Strike
3-2: Base on Balls
Roberto García to second
Batting: LHB Matt Smith 0-0: Ball
1-0: Fly out, F7 (Line Drive, 7M)
Batting: RHB Chris Parker 0-0: Ball
1-0: Ground out 3-1 (Groundball, 34)
Bottom of the 8th over - 0 run(s), 0 hit(s), 0 error(s), 2 left on base; Seattle 9 - Toronto 2
TOP OF THE 9TH
Seattle Pikes batting - Pitching for Toronto Titans : RHP Howard Green
Pitching: RHP Pablo Cabral
Batting: LHB Keith Tillman 0-0: Called Strike
0-1: Ball
1-1: Ball
2-1: SINGLE (Line Drive, 4MD)
Pinch Hitting: LHB Sammy Marshall 0-0: Called Strike
0-1: Ball
1-1: Foul Ball, location: 2F
1-2: Strikes out swinging
Batting: SHB António Hernández 0-0: Called Strike
0-1: Swinging Strike
0-2: Strikes out swinging
Batting: RHB Arnold Harmon 0-0: Ball
1-0: Called Strike
1-1: Called Strike
1-2: Ball
2-2: Strikes out swinging
Top of the 9th over - 0 run(s), 1 hit(s), 0 error(s), 1 left on base; Seattle 9 - Toronto 2
BOTTOM OF THE 9TH
Toronto Titans batting - Pitching for Seattle Pikes : RHP Thomas Hughes
Now at 1B: Reynold Akker
Now at 3B: Don Soper
Now at SS: Kazushige Aoki
Batting: RHB Jim Tracy 0-0: Called Strike
0-1: Ball
1-1: Ball
2-1: Fly out, F9 (Flyball, 89M)
Batting: RHB Pedro Rosado 0-0: Fly out, F3 (Popup, 3SF)
Batting: RHB Alberto Velásquez 0-0: Foul Ball, location: 2F
0-1: Ball
1-1: Swinging Strike
1-2: Foul Ball, location: 2F
1-2: Foul Ball, location: 2F
1-2: Strikes out swinging
Bottom of the 9th over - 0 run(s), 0 hit(s), 0 error(s), 0 left on base; Seattle 9 - Toronto 2
Monday, December 5th, 2016 - OOTP Baseball 17.12 Build 75